 Dungeon Crawl Stone Soup version 0.27-a0-1116-g91b3acb402 (webtiles) character file.

Game seed: 13248402011593984751

86 Alarak the Chopper (level 4, 0/42 HPs)
             Began as a Hill Orc Monk on May 1, 2021.
             Slain by a gnoll
             ... wielding a +0 halberd
              (7 damage)
             ... on level 3 of the Dungeon.
             The game lasted 00:04:22 (2646 turns).

Alarak the Chopper (Hill Orc Monk)                  Turns: 2646, Time: 00:04:22

Health: 0/42       AC:  7    Str: 14    XL:     4   Next: 50%
Magic:  4/4        EV: 11    Int: 10    God:
Gold:   86         SH:  0    Dex: 13    Spells: 3/3 levels left

rFire    . . .     SeeInvis .   a - +1 hand axe
rCold    . . .     Faith    .   (no shield)
rNeg     . . .     Spirit   .   d - +0 ring mail
rPois    .         Reflect  .   j - +1 helmet
rElec    .         Harm     .   (no cloak)
rCorr    .         Rampage  .   (no gloves)
Will     .....                  (no boots)
Stlth    +.........             (no amulet)
HPRegen  0.14/turn              (no ring)
MPRegen  0.09/turn              (no ring)

@: no status effects
A: no striking features
a: no special abilities


You were on level 3 of the Dungeon.
You visited 1 branch of the dungeon, and saw 3 of its levels.

You collected 86 gold pieces.

Inventory:

Hand Weapons
 a - a +1 hand axe (weapon)
Armour
 b - a +0 robe
 d - a +0 ring mail (worn)
 j - a +1 helmet (worn)
Jewellery
 g - a ring of ice
 k - an amulet of magic regeneration
Scrolls
 c - 2 scrolls of teleportation {unknown}
 e - a scroll of immolation {unknown}
 l - a scroll of enchant armour
Potions
 f - 2 potions of curing
 h - a potion of brilliance {unknown}
 i - a potion of mutation {unknown}


   Skills:
 - Level 5.1 Fighting
 + Level 5.5 Axes
 - Level 2.4 Dodging
 - Level 1.5 Stealth


You had 3 spell levels left.
You didn't know any spells.
Your spell library was empty.

Dungeon Overview and Level Annotations

Branches:
Dungeon (3/15)

Altars:
Yredelemnul

Shops:
D:2 [


Message History

You are too injured to fight recklessly!
You are too injured to fight recklessly!
You are too injured to fight recklessly!
You are too injured to fight recklessly!
You are too injured to fight recklessly!
You are too injured to fight recklessly!
You are too injured to fight recklessly!
You are too injured to fight recklessly!
You are too injured to fight recklessly!
You are too injured to fight recklessly!
You are too injured to fight recklessly!
You are too injured to fight recklessly!
You are too injured to fight recklessly!
You are too injured to fight recklessly!
You are too injured to fight recklessly!
You are too injured to fight recklessly!
You are too injured to fight recklessly!
You are too injured to fight recklessly!
You are too injured to fight recklessly!
You are too injured to fight recklessly!
You are too injured to fight recklessly!
You are too injured to fight recklessly!
You are too injured to fight recklessly!
You are too injured to fight recklessly!
You are too injured to fight recklessly!
You are too injured to fight recklessly!
You are too injured to fight recklessly!
You hit the gnoll but do no damage.
The gnoll is severely wounded.
The gnoll hits you with a +0 club. The gnoll hits you but does no damage.
You hit the gnoll but do no damage.
The gnoll is severely wounded.
The gnoll barely misses you. x2
You hit the gnoll.
You kill the gnoll!
The gnoll hits you from afar with a +0 halberd!
* * * LOW HITPOINT WARNING * * *
You hit the gnoll but do no damage.
The gnoll hits you from afar with a +0 halberd!
You die...

#.# #.# #.#####
#.#... #.#.####.
# #.......# #.
#..)....#
.#.#.g###.......#
.....gg@..#.#####
##.########.# .#
.#


You could see 3 gnolls.

Vanquished Creatures
  An adder (D:3)
  A gnoll (D:3)
  2 dart slugs
  2 orcs (D:3)
  2 endoplasms
  3 giant cockroaches
  7 goblins
  3 hobgoblins
  6 jackals
  4 kobolds
  A quokka (D:3)
  8 ball pythons
  6 bats
  3 frilled lizards (D:1)
  2 goblin skeletons (D:3)
  2 jackal zombies (D:3)
  6 rats
59 creatures vanquished.

Notes
Turn   | Place    | Note
-------+----------+-------------------------------------------
     0 | D:1      | Alarak the Hill Orc Monk began the quest for the Orb.
     0 | D:1      | Reached XP level 1. HP: 19/19 MP: 1/1
   444 | D:1      | Reached XP level 2. HP: 28/28 MP: 2/2
   865 | D:1      | Reached XP level 3. HP: 30/35 MP: 3/3
   919 | D:1      | Reached skill level 5 in Fighting
  1765 | D:2      | Found Ugeocsil's Antique Armour Boutique.
  2067 | D:2      | Found a faded altar of an unknown god.
  2373 | D:3      | Reached XP level 4. HP: 42/42 MP: 4/4
  2421 | D:3      | Found a runed translucent door.
  2421 | D:3      | Noticed a human
  2425 | D:3      | Reached skill level 5 in Axes
  2445 | D:3      | Found a basalt altar of Yredelemnul.
  2646 | D:3      | Slain by a gnoll

Illustrated notes

Levels and vault maps discovered:
D:1:      sevenhm_arrival_forest_fort_small_3, layout_loops_ring
D:2:      layout_loops_cross, serial_shops, shop_fountains,
          shapermc_ecumenical_altar_flowoftime, kennysheep_path_1,
          serial_park_tiny_pond, minivault_4
D:3:      layout_basic, dk_yredelemnul_ordeal, ebering_ghost_rock_garden

Skill      XL: |  1  2  3  4 |
---------------+-------------+-----
Fighting       | 4 5 |  5.1
Axes           | 5 |  5.5
Dodging        | |  2.4
Stealth        | |  1.5

Action                   |  1- 3 |  4- 6 || total
-------------------------+-------+-------++-------
Melee: Hand axe          |   142 |    62 ||   204
  Use: Scroll            |     5 |       ||     5
 Stab: Sleeping          |     3 |       ||     3
       Distracted        |     1 |       ||     1
Armor: Robe              |    36 |       ||    36
       Ring mail         |    10 |    21 ||    31
Dodge: Dodged            |    92 |    28 ||   120

Table legend: (Time is in decaauts)
 A = Elapsed time spent in this place.
 B = Non-inter-level travel time spent in this place.
 C = Inter-level travel time spent in this place.
 D = Time resting spent in this place.
 E = Time spent auto-exploring this place.
 F = Levels seen in this place.
 G = Mean time per level.
                   A        B        C        D        E       F      G
               +--------+--------+--------+--------+--------+-----+--------+
         Total |   2664 |   2604 |     60 |    374 |   1750 |   3 |  888.0 |
       Dungeon |   2664 |   2604 |     60 |    374 |   1750 |   3 |  888.0 |
               +--------+--------+--------+--------+--------+-----+--------+

Top non-repeatable levels by time:
     D:1: 1513 daAuts
     D:2: 832 daAuts
     D:3: 318 daAuts
